 Dungeon Crawl Stone Soup version 0.25-a0-591-g2ad0d86 (webtiles) character file.

Game seed: 582366881051979335, levelgen mode: deterministic

24181 Faels the Carver (level 12, 81/81 HPs)
             Began as a Demonspawn Fighter on Mar 13, 2020.
             Was an Elder of Okawaru.
             Quit the game on level 3 of the Lair of Beasts.
             The game lasted 00:45:49 (18837 turns).

Faels the Carver (Demonspawn Fighter)              Turns: 18837, Time: 00:45:49

Health: 81/81      AC:  8    Str: 20    XL:     12   Next: 78%
Magic:  15/15      EV:  6    Int: 11    God:    Okawaru [****..]
Gold:   560        SH: 14    Dex: 16    Spells: 11/11 levels left

rFire    + + .     SeeInvis +   H - +5 falchion of Faels's Painful Death {vorpal, Str+3}
rCold    . . .     Gourm    .   b - +1 tower shield {rF+}
rNeg     . . .     Faith    +   W - +0 chain mail {MR+}
rPois    .         Spirit   +   O - +2 helmet
rElec    .         Reflect  .   (no cloak)
rCorr    .         Harm     .   (gloves unavailable)
MR       ++...                  (boots unavailable)
Stlth    ..........             Q - amulet of faith
HPRegen  0.23/turn              c - ring of see invisible
MPRegen  0.14/turn              v - ring of protection from magic

@: no status effects
A: claws 3, hooves 3, camouflage 1, blurry vision 1, deformed body,
deterioration 1, fire resistance 1, powered by pain 1, magic shield
a: Heroism, Renounce Religion


You were on level 3 of the Lair of Beasts.
You worshipped Okawaru.
Okawaru was greatly pleased with you.
You were not hungry.

You visited 3 branches of the dungeon, and saw 15 of its levels.

You collected 854 gold pieces.
You spent 294 gold pieces at shops.

Inventory:

Hand Weapons
 B - a +4 dagger
 H - the +5 falchion of Faels's Painful Death (weapon) {vorpal, Str+3}
   (You found it on level 6 of the Dungeon)

   It inflicts extra damage upon your enemies.
   It affects your strength (+3).
 P - the +12 glaive of Prune {vorpal}
   (You found it on level 9 of the Dungeon)

   It inflicts extra damage upon your enemies.
Missiles
 a - 3 throwing nets
 m - 7 atropa-tipped darts
 o - 13 boomerangs
 A - 20 poisoned darts (quivered)
 V - 11 silver boomerangs
Armour
 b - a +1 tower shield of fire resistance (worn)
 r - a +1 crystal plate armour
 L - the +6 chain mail of the Pirate {-Cast +Blink Int+3}
   (You found it on level 9 of the Dungeon)

   It affects your intelligence (+3).
   It lets you blink.
   It prevents spellcasting.
 O - a +2 helmet (worn)
 W - a +0 chain mail of magic resistance (worn)
Jewellery
 c - a ring of see invisible (left claw)
 g - the ring "Susafat" {*Tele rElec MP+9 Slay+4 Stlth-}
   (You found it on level 11 of the Dungeon)

   [ring of teleportation]

   It may teleport you next to monsters.
   It affects your accuracy and damage with ranged weapons and melee attacks
   (+4).
   It insulates you from electricity.
   It affects your magic capacity (+9).
   It makes you less stealthy.
 v - a ring of protection from magic (right claw)
 w - an uncursed ring of fire
 C - an uncursed ring of ice
 K - a +3 amulet of reflection
 Q - an amulet of faith (around neck)
 U - an uncursed ring of flight
Wands
 D - a wand of acid (19)
 E - a wand of digging (12)
 J - a wand of flame (48)
 S - a wand of paralysis (16)
 T - a wand of iceblast (12)
Scrolls
 d - a scroll of blinking {unknown}
 h - a scroll of immolation {unknown}
 k - 3 scrolls of fear
 t - 6 scrolls of teleportation
 x - 4 scrolls of fog
 y - 6 scrolls of remove curse
 I - a scroll of magic mapping {unknown}
 M - a scroll of enchant weapon {unknown}
 Z - a scroll of acquirement {unknown}
Potions
 e - 5 potions of haste
 i - a potion of magic {unknown}
 j - 2 potions of curing
 l - a potion of heal wounds
 n - 2 potions of might
 p - a potion of berserk rage
 q - 4 potions of brilliance
 s - 2 potions of cancellation
 u - 2 potions of invisibility
 z - 2 potions of ambrosia
 R - 2 potions of flight {unknown}
Miscellaneous
 X - a phantom mirror
Comestibles
 f - 20 rations


   Skills:
 - Level 3.0 Fighting
 - Level 14.0 Long Blades
 * Level 11.7 Polearms
 - Level 3.4 Throwing
 - Level 2.6 Armour
 - Level 5.1 Dodging
 - Level 2.6 Shields
 - Level 4.4 Invocations


You had 11 spell levels left.
You didn't know any spells.
Your spell library contained the following spells:

 Spells                   Type           Power        Failure   Level  Hunger
 Animate Skeleton         Necr           N/A          100%        1    ##.....
 Apportation              Tloc           #.....       100%        1    ##.....
 Corona                   Hex            #......      100%        1    ##.....
 Foxfire                  Conj/Fire      #...         100%        1    ##.....
 Summon Butterflies       Summ           #.......     100%        1    ##.....
 Summon Small Mammal      Summ           #...         100%        1    ##.....
 Confusing Touch          Hex            #.......     100%        3    ####...
 Conjure Flame            Conj/Fire      #.......     100%        3    ####...
 Gell's Gravitas          Tloc           #.........   100%        3    ####...
 Inner Flame              Hex/Fire       #.......     100%        3    ####...
 Petrify                  Tmut/Erth      #.......     100%        4    #####..
 Sticky Flame             Conj/Fire      #.......     100%        4    #####..
 Aura of Abjuration       Summ           #.........   100%        5    ######.
 Fireball                 Conj/Fire      #.........   100%        5    ######.
 Metabolic Englaciation   Hex/Ice        #.........   100%        5    ######.
 Summon Forest            Summ/Tloc      #.........   100%        5    ######.
 Yara's Violent Unravell  Hex/Tmut       #.........   100%        5    ######.
 Dragon's Call            Summ           #.........   100%        9    #######


Dungeon Overview and Level Annotations

Branches:
Dungeon (11/15)            Temple (1/1) D:5            Lair (3/6) D:11
  Swamp (0/4) Lair:2       Spider (0/4) Lair:2          Orc (0/2) D:10

Altars:
Ashenzari
Cheibriados
Elyvilon
Hepliaklqana
Kikubaaqudgha
Nemelex Xobeh
Okawaru
Qazlal
Sif Muna
Trog
Uskayaw
Vehumet
Wu Jian
Xom
Yredelemnul
Zin
The Shining One

Shops:
D:5 !   D:7 %

Annotations:
D:7 2 transporters


Innate Abilities, Weirdness & Mutations

You have claws for hands.
You have hooves in place of feet.
You sometimes gain a little power by taking damage.
When hurt, damage is shared between your health and your magic reserves.
Your skin changes colour to match your surroundings (Stealth+).
Scrolls take you a little longer to read.
Armour fits poorly on your strangely shaped body.
Your body sometimes deteriorates upon taking damage.
Your flesh is heat resistant. (rF+)


Message History

Found a flail.
F - a scroll of identify All of the chunks of flesh in your inventory have rotted away.
You see here a flail.
p - a potion of berserk rage
As you read the scroll of identify, it crumbles to dust.
N - 2 potions of mutation Really quaff the potion of mutation?
You feel extremely strange.
You feel robust.
Your vision blurs.
Your feet have mutated into hooves.
Really quaff the potion of mutation?
You feel extremely strange.
You feel frail.
You feel yourself wasting away.
Your body twists and deforms.
You feel resistant to heat.
Your skin functions as natural camouflage.
Quiver which item? (- for none, * to show all) (? for menu, Esc to quit)
Okay, then.
Done exploring.
Done exploring.
Are you sure you want to abandon this character and quit the game? (Confirm with "yes".)

#.####.#.##..P#..P..#..
#......................
##.......##.........P.#.
#.......................
##....#.#..P#.##.######.
#...#.#.##..#.#P.######.
#P......................
######.#..#...#.#P.####.
##@##..P####### ##
########


There were no monsters in sight!

Vanquished Creatures
  Josephine (D:11)
  Snorg (D:10)
  Fannar (Lair:2)
  Harold (D:9)
  2 hydras (Lair:3)
  2 two-headed ogres
  A queen ant (Lair:3)
  An orb spider (Lair:2)
  An ugly thing (D:11)
  6 spiny frogs
  5 komodo dragons
  2 bog bodies (Lair:2)
  2 hippogriffs
  3 wraiths (D:11)
  17 yaks
  Eustachio (D:6)
  A basilisk (Lair:1)
  3 hogs (D:9)
  A steam dragon (D:8)
  A hungry ghost (D:9)
  A human (D:9)
  Edmund (D:6)
  A swamp worm (Lair:2)
  15 soldier ants
  2 water moccasins
  2 ice beasts
  A necrophage (D:7)
  6 porcupines
  7 orc warriors
  A sky beast (D:7)
  A black bear (D:8)
  2 phantoms
  3 ogres
  6 centaurs
  3 crocodiles
  Blork the orc (D:6)
  7 bullfrogs
  10 scorpions
  2 wyvern skeletons (D:9)
  7 killer bees
  An electric eel (Lair:2)
  5 wights (D:7)
  4 howler monkeys
  6 crimson imps
  2 quasits
  A hound (D:9)
  A bullfrog skeleton (D:6)
  4 jellies
  A bullfrog zombie (D:10)
  2 centaur zombies
  9 orc priests
  3 centaur skeletons
  7 orc wizards
  7 iguanas
  36 worker ants
  A worker ant zombie (D:11)
  A howler monkey skeleton (D:4)
  16 adders
  3 shadow imps
  A worm (D:2)
  2 adder zombies
  2 dart slugs
  6 leopard geckos
  45 orcs
  2 ball pythons
  4 bats
  9 giant cockroaches
  3 goblins
  5 hobgoblins
  14 jackals
  12 kobolds
  8 quokkas
  A ball python zombie (D:6)
  2 frilled lizards
  7 rats
365 creatures vanquished.

Vanquished Creatures (others)
  7 plants
7 creatures vanquished.

Grand Total: 372 creatures vanquished

Notes
Turn   | Place    | Note
-------+----------+-------------------------------------------
     0 | D:1      | Faels the Demonspawn Fighter began the quest for the Orb.
     0 | D:1      | Reached XP level 1. HP: 18/18 MP: 1/1
    85 | D:1      | Reached skill level 2 in Long Blades
   254 | D:1      | Reached skill level 1 in Dodging
   254 | D:1      | Gained mutation: You sometimes gain a little power by
                  | taking damage. [demonic ancestry]
   254 | D:1      | Reached XP level 2. HP: 23/24 MP: 2/2
   992 | D:1      | Reached skill level 3 in Long Blades
   992 | D:1      | Reached XP level 3. HP: 26/29 MP: 3/3
  2076 | D:2      | Reached XP level 4. HP: 32/35 MP: 4/4
  2486 | D:3      | Reached skill level 4 in Long Blades
  2957 | D:4      | Noticed a phantom
  3019 | D:3      | Killed a phantom
  3019 | D:3      | Reached skill level 5 in Long Blades
  3019 | D:3      | Gained mutation: You have large cloven feet. [demonic
                  | ancestry]
  3019 | D:3      | Reached XP level 5. HP: 19/41 MP: 5/5
  3304 | D:4      | Gained mutation: You have sharp fingernails. [demonic
                  | ancestry]
  3304 | D:4      | Reached XP level 6. HP: 42/47 MP: 6/6
  3348 | D:4      | Reached skill level 6 in Long Blades
  3823 | D:5      | Entered Level 5 of the Dungeon
  3922 | D:5      | Reached skill level 7 in Long Blades
  3922 | D:5      | Gained mutation: You have hoof-like feet. [demonic
                  | ancestry]
  3922 | D:5      | Reached XP level 7. HP: 32/52 MP: 7/7
  4158 | D:5      | Found a staircase to the Ecumenical Temple.
  4167 | Temple   | Entered the Ecumenical Temple
  4200 | Temple   | Became a worshipper of Warmaster Okawaru
  4628 | D:5      | Found Ruesip's Distillery.
  4660 | D:5      | Bought a potion of berserk rage for 70 gold pieces
  4660 | D:5      | Bought a potion of heal wounds for 70 gold pieces
  4720 | D:5      | Reached skill level 1 in Throwing
  5081 | D:5      | Reached * piety under Okawaru
  5081 | D:5      | Reached skill level 8 in Long Blades
  5310 | D:6      | Noticed Edmund
  5330 | D:6      | Killed Edmund
  5330 | D:6      | Gained mutation: You have very sharp fingernails. [demonic
                  | ancestry]
  5330 | D:6      | Reached XP level 8. HP: 39/58 MP: 8/8
  5432 | D:6      | Found a snail-covered altar of Cheibriados.
  5580 | D:6      | Noticed Blork the orc
  5599 | D:6      | Killed Blork the orc
  5727 | D:6      | Reached skill level 9 in Long Blades
  5832 | D:6      | Noticed Eustachio
  5844 | D:6      | Killed Eustachio
  5844 | D:6      | Reached ** piety under Okawaru
  6017 | D:6      | Got an ancient falchion
  6018 | D:6      | Identified the +5 falchion of Faels's Painful Death
                  | {vorpal, Str+3} (You found it on level 6 of the Dungeon)
  6575 | D:7      | Reached skill level 10 in Long Blades
  6644 | D:7      | Reached XP level 9. HP: 63/63 MP: 9/9
  6660 | D:7      | Found Usyricvo's Food Emporium.
  6774 | D:5      | Bought a potion of curing for 42 gold pieces
  6841 | D:7      | Found a transporter.
  7006 | D:7      | Found a transporter.
  7405 | D:7      | Reached skill level 11 in Long Blades
  7681 | D:8      | Noticed a two-headed ogre
  7703 | D:8      | Killed a two-headed ogre
  7703 | D:8      | Reached *** piety under Okawaru
  7707 | D:8      | Reached skill level 12 in Long Blades
  7712 | D:8      | Reached **** piety under Okawaru
  8098 | D:8      | Reached XP level 10. HP: 60/70 MP: 7/10
  8511 | D:5      | Bought a potion of curing for 42 gold pieces
  8511 | D:5      | Bought a potion of berserk rage for 70 gold pieces
  9045 | D:9      | Got a jet-studded chain mail
  9046 | D:9      | Identified the +6 chain mail of the Pirate {-Cast +Blink
                  | Int+3} (You found it on level 9 of the Dungeon)
  9148 | D:9      | Noticed Harold
  9167 | D:9      | Killed Harold
  9167 | D:9      | Reached skill level 13 in Long Blades
  9350 | D:9      | Found the +12 glaive of Prune {vorpal}
  9526 | D:9      | Reached ***** piety under Okawaru
  9732 | D:10     | Entered Level 10 of the Dungeon
  9934 | D:10     | Received a gift from Okawaru
 11214 | D:10     | Found a shimmering altar of Xom.
 11216 | D:10     | Noticed Snorg
 11235 | D:10     | Killed Snorg
 11235 | D:10     | Reached skill level 14 in Long Blades
 11235 | D:10     | Gained mutation: You have claws for hands. [demonic
                  | ancestry]
 11235 | D:10     | Reached XP level 11. HP: 59/75 MP: 3/11
 11394 | D:10     | Found a staircase to the Orcish Mines.
 11461 | D:10     | Received a gift from Okawaru
 11495 | D:11     | Noticed a white ugly thing
 11521 | D:11     | Killed a white ugly thing
 11521 | D:11     | Reached skill level 1 in Polearms
 11521 | D:11     | Reached skill level 5 in Dodging
 11521 | D:11     | Reached skill level 1 in Invocations
 11818 | D:11     | Identified Guviuxt's Reference Book on Companions
 11872 | D:11     | Found a sparkling altar of Nemelex Xobeh.
 11938 | D:11     | Got a flickering ivory ring
 11940 | D:11     | Identified the ring "Susafat" {*Tele rElec MP+9 Slay+4
                  | Stlth-} (You found it on level 11 of the Dungeon)
 11954 | D:11     | Noticed a two-headed ogre
 11965 | D:11     | Killed a two-headed ogre
 12045 | D:11     | Noticed Josephine
 12071 | D:11     | Killed Josephine
 12455 | D:11     | Found a staircase to the Lair.
 12785 | Lair:1   | Entered Level 1 of the Lair of Beasts
 13142 | Lair:1   | Reached skill level 5 in Polearms
 13341 | Lair:1   | You fall into a shaft and drop 1 floor!
 14001 | Lair:2   | Found a staircase to the Swamp.
 14301 | Lair:2   | Noticed Fannar
 14330 | Lair:2   | Killed Fannar
 14482 | Lair:2   | Gained mutation: When hurt, damage is shared between your
                  | health and your magic reserves. [demonic ancestry]
 14482 | Lair:2   | Reached XP level 12. HP: 65/81 MP: 15/15
 14574 | Lair:2   | Found a hole to the Spider Nest.
 14609 | Lair:2   | Received a gift from Okawaru
 16194 | Lair:3   | Noticed a seven-headed hydra
 16216 | Lair:3   | Killed a seven-headed hydra
 16593 | Lair:3   | Noticed a queen ant
 16605 | Lair:3   | Killed a queen ant
 16605 | Lair:3   | Received a gift from Okawaru
 16605 | Lair:3   | Reached skill level 10 in Polearms
 18257 | Lair:3   | Noticed a five-headed hydra
 18277 | Lair:3   | Killed a five-headed hydra
 18829 | Lair:3   | Gained mutation: You are robust. (+10% HP) [potion of
                  | mutation]
 18829 | Lair:3   | Gained mutation: Scrolls take you a little longer to read.
                  | [potion of mutation]
 18829 | Lair:3   | Gained mutation: You have hooves in place of feet. [potion
                  | of mutation]
 18830 | Lair:3   | Lost mutation: You are robust. (+10% HP) [potion of
                  | mutation]
 18830 | Lair:3   | Gained mutation: Your body sometimes deteriorates upon
                  | taking damage. [potion of mutation]
 18830 | Lair:3   | Gained mutation: Armour fits poorly on your strangely
                  | shaped body. [potion of mutation]
 18830 | Lair:3   | Gained mutation: Your flesh is heat resistant. (rF+)
                  | [potion of mutation]
 18830 | Lair:3   | Gained mutation: Your skin changes colour to match your
                  | surroundings (Stealth+). [potion of mutation]
 18837 | Lair:3   | Quit the game

Levels and vault maps discovered:
D:1:      noname_arrival_rooms_in_the_neighbourhood, layout_basic,
          minmay_split_cup_small
D:2:      layout_basic, serial_forest, infiniplex_forest_lined_2,
          infiniplex_forest_end_2, infiniplex_forest_clump_curved,
          infiniplex_forest_end_2, infiniplex_forest_clump_cross,
          infiniplex_forest_straight_2, infiniplex_forest_zigzag_2
D:3:      layout_basic, hangedman_abyss_or_decor_lesser_grid
D:4:      layout_cave_pods, kennysheep_generic_room_12
D:5:      kennysheep_spiral_hall, layout_loops_ring,
          minmay_temple_entry_statues_fountains, serial_shops, shop,
          first_ration, grunt_ministairs_4
D:6:      layout_loops_corners, kennysheep_little_box, uniq_eustachio,
          uniq_edmund, uniq_blork_the_orc
D:7:      gammafunk_steamed_eel, layout_loops_ring, serial_shops, shop
D:8:      layout_basic
D:9:      layout_roguey, grunt_livestock, uniq_harold
D:10:     layout_rooms, david_orc_4, minmay_misc_feat_ornament, tgw_xom,
          uniq_snorg
D:11:     layout_long_grid, lair_entry_dummy, nemelex_xobeh_ov_fountains_minmay,
          uniq_josephine
Temple:   grunt_wide_crystal_templ
Lair:1:   beast_lair_carwin_large_1, layout_cave_pods, grunt_megastairs_1,
          serial_bayou_shore_b
Lair:2:   layout_loops_ring, nicolae_swamp_entry_splash_gauntlet,
          nicolae_spider_entry_orb_guardian, beast_lair_carwin_7,
          infiniplex_staircase_pool, uniq_fannar
Lair:3:   layout_long_grid, zaba_anthell, serial_bayou_shore_b

Skill      XL: |  1  2  3  4  5  6  7  8  9 10 11 12 |
---------------+-------------------------------------+-----
Long Blades    | 2 3 5 7 8 10 12 14 | 14.0
Dodging        | 1 4 5 |  5.1
Throwing       | 2 3 |  3.4
Polearms       | 7 11 | 11.7
Invocations    | 4 |  4.4
Fighting       | |  3.0
Armour         | |  2.6
Shields        | |  2.6

Action                   |  1- 3 |  4- 6 |  7- 9 | 10-12 || total
-------------------------+-------+-------+-------+-------++-------
Melee: Long sword        |   172 |   117 |   207 |       ||   496
       Kick              |       |    21 |    93 |   339 ||   453
       Falchion          |       |       |   148 |   758 ||   906
       Glaive            |       |       |       |    73 ||    73
       Dagger            |       |       |       |    26 ||    26
       Punch             |       |       |       |     1 ||     1
Throw: Boomerang         |       |     5 |     3 |       ||     8
       Dart              |       |       |     1 |    16 ||    17
Invok: Heroism           |       |       |     5 |    18 ||    23
       Finesse           |       |       |       |     9 ||     9
Evoke: Wand              |       |       |     1 |       ||     1
  Use: Scroll            |       |     6 |     8 |     5 ||    19
       Potion            |       |     1 |     3 |    14 ||    18
 Stab: Held in net/web   |       |       |       |     1 ||     1
  Eat: Ration            |     1 |     1 |       |     3 ||     5
       Chunk             |       |     3 |    14 |    25 ||    42
Armor: Scale mail        |    53 |       |       |       ||    53
       Ring mail         |    46 |    58 |   137 |    15 ||   256
       Chain mail        |       |       |       |   185 ||   185
Dodge: Dodged            |    71 |    40 |    97 |   170 ||   378
Block: Kite shield       |   104 |    58 |   189 |   204 ||   555
       Reflection        |       |       |    10 |     6 ||    16
       Tower shield      |       |       |       |   218 ||   218
       Other             |       |       |       |    10 ||    10
       Rpst.: Long sword |    29 |     9 |    15 |       ||    53
       Falchion          |       |       |     5 |    43 ||    48

Table legend:
 A = Non-vault XP
 B = Vault XP
 C = Vault XP percentage of total XP
 D = Non-vault monster count
 E = Vault monster count
 F = Vault count percentage of total count
                 A         B        C        D         E       F
            +---------+---------+-------+---------+---------+-------
      Total |   19207 |   15338 |  44.4 |     254 |     111 |  30.4
            +---------+---------+-------+---------+---------+-------
        D:1 |      38 |       7 |  15.6 |      23 |       3 |  11.5
        D:2 |      64 |       0 |   0.0 |      14 |       0 |   0.0
        D:3 |     194 |       0 |   0.0 |      15 |       0 |   0.0
        D:4 |     281 |      17 |   5.7 |      12 |       2 |  14.3
        D:5 |     564 |     214 |  27.5 |      23 |       5 |  17.9
        D:6 |     621 |     465 |  42.8 |      26 |       3 |  10.3
        D:7 |    1169 |       0 |   0.0 |      21 |       0 |   0.0
        D:8 |    2500 |       0 |   0.0 |      36 |       0 |   0.0
        D:9 |     516 |    2488 |  82.8 |       7 |      14 |  66.7
       D:10 |    1880 |    1301 |  40.9 |      27 |      15 |  35.7
       D:11 |    2065 |    1766 |  46.1 |      16 |       4 |  20.0
     Lair:1 |    2793 |    1576 |  36.1 |      12 |      10 |  45.5
     Lair:2 |    1239 |    4131 |  76.9 |       6 |      17 |  73.9
     Lair:3 |    5283 |    3373 |  39.0 |      16 |      38 |  70.4
            +---------+---------+-------+---------+---------+-------
